 Dungeon Crawl Stone Soup version 0.25-a0-668-gea548f19b6 (webtiles) character file.

Game seed: 15313727916917911166, levelgen mode: deterministic

39 Alarkh the Slasher (level 3, 15/29 HPs)
             Began as a Demonspawn Fighter on Mar 28, 2020.
             Got out of the dungeon alive.
             The game lasted 00:00:54 (650 turns).

Alarkh the Slasher (Demonspawn Fighter)              Turns: 650, Time: 00:00:54

Health: 15/29      AC:  6    Str: 16    XL:     3   Next: 26%
Magic:  3/3        EV:  6    Int: 10    God:
Gold:   30         SH:  8    Dex: 12    Spells: 2/2 levels left

rFire    . . .     SeeInvis .   a - +0 long sword
rCold    . . .     Gourm    .   c - +0 kite shield
rNeg     . . .     Faith    .   b - +0 scale mail
rPois    .         Spirit   .   (no helmet)
rElec    .         Reflect  .   (no cloak)
rCorr    .         Harm     .   (no gloves)
MR       .....                  (no boots)
Stlth    +.........             (no amulet)
HPRegen  0.09/turn              (no ring)
MPRegen  0.08/turn              (no ring)

@: no status effects
A: nightstalker 1, powered by pain 1
a: no special abilities


You escaped.
You were not hungry.

You visited 1 branch of the dungeon, and saw 1 of its levels.

You collected 30 gold pieces.

Inventory:

Hand Weapons
 a - a +0 long sword (weapon)
Armour
 b - a +0 scale mail (worn)
 c - a +0 kite shield (worn)
Jewellery
 g - an uncursed ring of protection from fire
Scrolls
 i - a scroll of amnesia {unknown}
Potions
 d - 2 potions of might
 e - a potion of curing {unknown}
 j - a potion of cancellation {unknown}
Comestibles
 f - a ration
 h - 2 chunks of flesh


   Skills:
 - Level 3.0 Fighting
 + Level 3.4 Long Blades
 - Level 2.6 Armour
 - Level 2.6 Shields


You had 2 spell levels left.
You didn't know any spells.
Your spell library was empty.

Dungeon Overview and Level Annotations

Branches:
Dungeon (1/15)

Altars:


Innate Abilities, Weirdness & Mutations

You are slightly more attuned to the shadows.
You sometimes gain a little power by taking damage.


Message History

Your shield prevents you from hitting the jackal.
The jackal is moderately wounded.
You block the jackal's attack.
The jackal bites you but does no damage.
You barely miss the jackal.
The jackal is moderately wounded.
The jackal barely misses you. The jackal bites you.
You completely miss the jackal.
The jackal is moderately wounded.
The jackal bites you but does no damage.
You hit the jackal.
The jackal is heavily wounded.
The jackal bites you. The jackal barely misses you.
You slash the jackal!
You kill the jackal!
You see here a jackal corpse.
You see here a jackal corpse.
There is a staircase leading out of the dungeon here.
Are you sure you want to leave the Dungeon?
This will make you lose the game!
You have escaped!

######## ##......##
#........##
#.........##
#...⌠......#
#..........#
#....>@.∩..#
#..........#
#...⌠......#
######.........####
.............†.†.>#
#######........##†##
#####........#
#####........#
).............#


There were no monsters in sight!

Vanquished Creatures
  An ooze (D:1)
  A dart slug (D:1)
  2 bats (D:1)
  6 hobgoblins (D:1)
  7 jackals (D:1)
  A frilled lizard (D:1)
  4 goblins (D:1)
  A kobold (D:1)
  7 rats (D:1)
30 creatures vanquished.

Notes
Turn   | Place    | Note
-------+----------+-------------------------------------------
     0 | D:1      | Alarkh the Demonspawn Fighter began the quest for the Orb.
     0 | D:1      | Reached XP level 1. HP: 18/18 MP: 1/1
   123 | D:1      | Gained mutation: You sometimes gain a little power by
                  | taking damage. [demonic ancestry]
   123 | D:1      | Reached XP level 2. HP: 9/24 MP: 2/2
   465 | D:1      | Gained mutation: You are slightly more attuned to the
                  | shadows. [demonic ancestry]
   465 | D:1      | Reached XP level 3. HP: 16/29 MP: 3/3
   650 | D:$      | Got out of the dungeon alive.

Levels and vault maps discovered:
D:1:      wander_arrival_desolate, layout_basic

Skill      XL: |  1  2 |
---------------+-------+-----
Long Blades    | 2 3 |  3.4
Fighting       | |  3.0
Armour         | |  2.6
Shields        | |  2.6

Action                   || total
-------------------------++-------
Melee: Long sword        ||    98
Armor: Scale mail        ||    75
Dodge: Dodged            ||    43
Block: Kite shield       ||    67
       Rpst.: Long sword ||    18

Table legend:
 A = Non-vault XP
 B = Vault XP
 C = Vault XP percentage of total XP
 D = Non-vault monster count
 E = Vault monster count
 F = Vault count percentage of total count
                 A         B        C        D         E       F
            +---------+---------+-------+---------+---------+-------
      Total |      56 |       0 |   0.0 |      30 |       0 |   0.0
            +---------+---------+-------+---------+---------+-------
        D:1 |      56 |       0 |   0.0 |      30 |       0 |   0.0
            +---------+---------+-------+---------+---------+-------
